Map: Проводка РВ

Players

CeazaR

  • Race: Terran Terran
  • League: Master
  • Spawn Location: 1:00

IIIIIIIIIIII - Winner!

  • Race: Protoss Protoss
  • League: Master
  • Spawn Location: 7:00

VOD

Have the link to the VOD?

Description

Time

  • Played on: May 24, 2022, 12:01 p.m.
  • Length: 14:17
Show
View Real Time Build Order
Export as new Build Order

CeazaR Terran 

Build Orders:  

Get SALT Encoding   

  12  0:00  SCV  
  13  0:12  SCV  
  14  0:17  Supply Depot  
  14  0:24  SCV  
  15  0:38  SCV  
  15  0:40  Barracks  
  16  0:45  Refinery  
  16  0:50  SCV  
  17  1:02  SCV  
  18  1:16  SCV  
  19  1:27  Barracks Reactor  
  19  1:28  Orbital Command  
  19  1:39  Command Center  
  19  1:46  Supply Depot  
  19  1:54  SCV  
  20  2:04  Marine x2  
  20  2:06  SCV  
  23  2:08  Factory  
  23  2:15  Refinery  
  23  2:18  SCV  
  23  2:21  Marine  
  23  2:22  Marine  
  26  2:30  SCV  
  27  2:39  Marine x2  
  27  2:42  SCV  
  30  2:52  Orbital Command, Factory Tech Lab  
  30  2:54  SCV  
  30  2:55  Starport  
  30  2:58  Marine x2  
  33  3:13  Cyclone  
  33  3:16  Marine x2, SCV  
  33  3:18  SCV  
  40  3:27  Supply Depot  
  40  3:31  Medivac  
  40  3:33  Marine, SCV  
  44  3:34  Marine  
  44  3:36  SCV  
  46  3:45  Supply Depot  
  47  3:48  SCV  
  47  3:51  Marine, Cyclone  
  47  3:52  Marine  
  52  3:58  SCV  
  52  4:00  SCV  
  54  4:06  Viking  
  54  4:08  Engineering Bay  
  54  4:09  Marine  
  57  4:10  Marine  
  52  4:28  Marine  
  52  4:29  Marine, Siege Tank  
  52  4:30  SCV  
  57  4:33  SCV  
  55  4:42  SCV  
  55  4:45  SCV  
  53  4:54  SCV  
  53  4:57  SCV, Supply Depot  
  53  4:59  Marine x2, Command Center  
  57  5:06  SCV  
  58  5:09  SCV  
  54  5:17  Marine  
  54  5:18  Marine, SCV  
  54  5:20  Barracks  
  54  5:21  SCV, Cyclone  
  60  5:22  Barracks, Viking  
  60  5:28  Missile Turret  
  63  5:32  SCV  
  63  5:33  Refinery  
  63  5:34  Refinery  
  63  5:35  Supply Depot  
  64  5:36  SCV  
  64  5:42  Marine x2  
  65  5:44  SCV  
  65  5:45  Terran Infantry Weapons Level 1  
  65  5:48  SCV  
  65  5:49  Supply Depot  
  69  5:55  Starport Tech Lab  
  69  5:56  SCV  
  70  6:00  SCV  
  71  6:05  Marine x2  
  71  6:08  SCV  
  71  6:11  Factory Reactor  
  74  6:13  SCV  
  76  6:19  Orbital Command  
  76  6:21  Missile Turret  
  76  6:22  Starport Reactor  
  76  6:23  Marine x2  
  76  6:24  Stimpack, Combat Shield  
  79  6:25  Marine, Marauder  
  79  6:28  SCV  
  79  6:31  Supply Depot  
  79  6:32  SCV, Supply Depot  
  82  6:39  Supply Depot  
  82  6:40  SCV  
  82  6:41  Marine x2, Supply Depot x2  
  82  6:42  Barracks  
  82  6:43  Marine  
  82  6:44  SCV  
  82  6:45  SCV  
  88  6:52  Marine, SCV  
  90  6:59  Marine  
  90  7:00  SCV  
  92  7:02  Marine, Medivac  
  92  7:03  Medivac  
  92  7:04  Widow Mine, Supply Depot  
  92  7:05  Widow Mine  
  92  7:07  Marine  
  102  7:10  Marine  
  102  7:14  SCV  
  104  7:16  Marine, Refinery  
  104  7:17  Refinery  
  104  7:18  Command Center  
  104  7:20  Marine  
  106  7:24  SCV  
  106  7:25  Marine  
  106  7:26  Widow Mine x2  
  106  7:28  Marine  
  113  7:31  Barracks Tech Lab  
  113  7:34  Marine, Barracks  
  113  7:37  Barracks  
  114  7:38  Barracks  
  114  7:39  Barracks  
  114  7:40  Marine  
  114  7:43  Marine, Medivac  
  114  7:44  Medivac  
  120  7:46  Marine  
  120  7:48  SCV x2  
  120  7:50  SCV  
  124  7:52  Marine  
  124  7:57  Terran Infantry Armor Level 1  
  125  7:58  Armory  
  125  8:00  SCV  
  125  8:02  Marine  
  125  8:03  Engineering Bay  
  125  8:04  Widow Mine  
  125  8:05  Marine, Widow Mine  
  131  8:06  Marine  
  129  8:14  Viking x2  
  129  8:17  Starport  
  105  8:35  Marine x2  
  105  8:36  Marine, Barracks Tech Lab x2  
  105  8:37  Barracks Tech Lab  
  105  8:38  Marauder x3  
  105  8:39  SCV  
  112  8:46  SCV  
  112  8:47  SCV  
  113  8:50  Terran Ship Weapons Level 1  
  113  8:51  Viking x2  
  113  8:56  SCV  
  113  9:00  SCV  
  113  9:01  SCV  
  116  9:03  Refinery  
  111  9:12  SCV  
  111  9:13  Viking x2  
  111  9:14  Terran Infantry Weapons Level 2  
  111  9:15  SCV x2  
  116  9:19  Orbital Command  
  116  9:21  Viking x2  
  120  9:25  SCV  
  120  9:27  Marauder, SCV  
  120  9:28  Marine, Marauder x4, SCV  
  134  9:36  Missile Turret  
  134  9:37  SCV  
  137  9:38  Marine, Marauder  
  137  9:39  SCV  
  137  9:40  SCV  
  137  9:43  Viking x2  
  144  9:51  Marine x2, Marauder x5  
  144  9:52  SCV  
  157  9:56  Marine  
  157  9:57  Supply Depot  
  157  9:58  Supply Depot  
  159  10:00  Marauder  
  159  10:03  Viking x2  
  163  10:10  Marine  
  164  10:15  Supply Depot x2  
  164  10:18  Marine x2  
  164  10:19  Marauder x3, Terran Infantry Armor Level 2  
  164  10:20  SCV, Marauder  
  164  10:21  SCV x3  
  176  10:27  Marauder  
  180  10:30  Ghost Academy  
  180  10:36  Marine x3  
  180  10:37  Marauder  
  180  10:39  Viking x2  
  180  10:40  Marine, Marauder x2  
  180  10:41  Marine, Command Center  
  195  10:45  SCV  
  196  10:53  Terran Ship Weapons Level 2  
  196  11:01  Command Center  
  196  11:31  Starport  
  196  11:33  Starport  
  196  11:36  Armory  
  196  11:48  Missile Turret  
  196  11:49  Refinery  
  196  11:50  Enhanced Shockwaves, Refinery  
  196  11:52  Marine x2  
  196  11:53  Marauder  
  200  11:58  Orbital Command  
  200  11:59  Missile Turret  
  200  12:10  Missile Turret  
  200  12:12  Missile Turret  
  200  12:13  Planetary Fortress  
  200  12:14  Command Center  
  200  12:17  Command Center, Missile Turret  
  200  12:22  Missile Turret  
  200  12:24  Marauder  
  200  12:27  Starport Reactor  
  200  12:32  Starport Reactor  
  200  12:39  Refinery  
  200  12:47  Refinery  
  200  12:54  Marauder  
  200  12:55  SCV x2, Marauder  
  200  12:57  Marine  
  200  12:58  SCV  
  200  12:59  Marine, Marauder  
  200  13:01  Ghost x2  
  200  13:03  SCV  
  181  13:07  Liberator x3  
  181  13:09  SCV x2  
  181  13:11  Refinery x2  
  190  13:15  Ghost x3  
  155  13:20  Ghost  
  155  13:22  Viking x5  
  155  13:23  Marine x3  
  155  13:26  SCV  
  162  13:30  Marine, Marauder  
  162  13:34  Missile Turret  
  165  13:36  Missile Turret  
  165  13:41  Marine x3  
  164  13:44  Marine x2, Marauder  
  170  13:48  Marauder  
  170  13:49  Marine  
  170  13:52  Marauder  
  175  13:58  Marine  
  175  13:59  Marine x2  
Show
View Real Time Build Order
Export as new Build Order

IIIIIIIIIIII Protoss - Winner!

Build Orders: 1 Gate Expand, Carriers, Colossus Rush 

Get SALT Encoding   

  12  0:00  Probe  
  13  0:12  Probe  
  14  0:18  Pylon  
  14  0:25  Probe (Chrono Boost)  
  15  0:37  Probe (Chrono Boost)  
  15  0:38  Gateway  
  16  0:44  Probe (Chrono Boost)  
  16  0:45  Assimilator  
  17  0:51  Probe  
  18  1:03  Probe  
  19  1:15  Probe  
  20  1:22  Nexus  
  20  1:31  Cybernetics Core  
  20  1:34  Probe  
  20  1:38  Assimilator  
  21  1:46  Probe (Chrono Boost)  
  22  1:49  Pylon  
  22  1:58  Probe (Chrono Boost)  
  23  2:04  Stalker (Chrono Boost)  
  23  2:05  Probe (Chrono Boost)  
  26  2:16  Stargate, Probe  
  27  2:27  Adept  
  30  2:31  Probe (Chrono Boost)  
  30  2:34  Probe (Chrono Boost)  
  31  2:43  Probe (Chrono Boost)  
  33  2:44  Probe (Chrono Boost)  
  33  2:45  Robotics Facility  
  33  2:48  Probe (Chrono Boost)  
  34  2:51  Shield Battery  
  34  2:56  Probe  
  35  3:00  Probe  
  36  3:08  Probe  
  36  3:12  Void Ray (Chrono Boost)  
  41  3:13  Probe  
  41  3:15  Assimilator  
  41  3:18  Assimilator  
  42  3:22  Probe  
  42  3:24  Pylon  
  43  3:27  Probe  
  43  3:33  Observer  
  45  3:34  Probe  
  45  3:41  Pylon  
  46  3:42  Probe  
  46  3:46  Probe  
  48  3:54  Robotics Bay  
  48  4:04  Adept  
  48  4:07  Probe x2  
  48  4:09  Pylon, Void Ray (Chrono Boost)  
  52  4:29  Probe x2  
  47  4:39  Immortal, Adept  
  47  4:42  Probe x2  
  54  4:47  Shield Battery  
  54  4:55  Probe (Chrono Boost)  
  54  4:57  Probe (Chrono Boost)  
  57  5:09  Probe (Chrono Boost)  
  57  5:11  Probe (Chrono Boost)  
  57  5:14  Probe (Chrono Boost)  
  54  5:17  Shield Battery  
  54  5:19  Colossus (Chrono Boost), Probe  
  60  5:23  Void Ray  
  60  5:26  Probe  
  67  5:34  Probe  
  68  5:36  Pylon  
  68  5:43  Probe  
  68  5:44  Extended Thermal Lance  
  68  5:48  Pylon  
  69  5:51  Probe  
  69  5:55  Probe  
  71  5:57  Colossus (Chrono Boost)  
  71  6:03  Probe  
  78  6:07  Probe  
  79  6:15  Probe, Observer  
  84  6:19  Probe  
  84  6:21  Void Ray  
  85  6:25  Pylon  
  85  6:27  Observer  
  85  6:30  Nexus  
  85  6:34  Pylon  
  85  6:41  Probe  
  85  6:43  Probe, Observer  
  85  6:46  Observer  
  87  6:47  Colossus (Chrono Boost)  
  93  6:54  Pylon  
  93  6:59  Probe  
  93  7:00  Shield Battery  
  94  7:04  Shield Battery  
  94  7:06  Pylon  
  94  7:12  Pylon  
  94  7:14  Fleet Beacon, Probe  
  95  7:17  Pylon  
  95  7:18  Forge  
  95  7:23  Probe  
  95  7:26  Shield Battery  
  96  7:35  Disruptor  
  96  7:36  Stargate  
  99  7:38  Stargate, Protoss Air Weapons Level 1 (Chrono Boost)  
  99  7:44  Shield Battery  
  99  7:45  Probe  
  99  7:46  Probe x2  
  102  7:55  Pylon  
  102  8:02  Photon Cannon x2, Probe x2  
  104  8:13  Disruptor  
  107  8:26  Tempest, Carrier  
  118  8:27  Tempest  
  119  8:40  Probe x2  
  121  8:52  Disruptor  
  124  8:58  Photon Cannon  
  124  9:02  Assimilator x2  
  124  9:14  Carrier  
  130  9:19  Photon Cannon x2  
  130  9:20  Photon Cannon  
  130  9:23  Pylon  
  130  9:26  Tempest  
  130  9:29  Disruptor  
  138  9:42  Cybernetics Core  
  138  9:47  Photon Cannon  
  138  9:49  Photon Cannon  
  138  9:51  Photon Cannon  
  137  9:54  Photon Cannon  
  137  9:56  Photon Cannon  
  137  9:57  Shield Battery  
  137  9:58  Photon Cannon  
  136  10:01  Protoss Air Weapons Level 2 (Chrono Boost)  
  136  10:03  Photon Cannon  
  136  10:05  Photon Cannon, Observer  
  136  10:06  Shield Battery  
  136  10:09  Protoss Shields Level 1  
  136  10:13  Carrier, Observer  
  142  10:23  Protoss Air Armor Level 1 (Chrono Boost)  
  142  10:36  Tempest  
  147  10:44  Pylon  
  147  10:50  Stargate  
  147  11:02  Photon Cannon, Carrier  
  147  11:04  Shield Battery, Photon Cannon  
  153  11:07  Photon Cannon  
  153  11:22  Photon Cannon  
  153  11:24  Photon Cannon  
  153  11:30  Pylon  
  153  11:35  Observer  
  153  11:40  Photon Cannon  
  153  11:42  Photon Cannon  
  153  11:44  Pylon, Photon Cannon  
  153  11:46  Photon Cannon  
  153  11:48  Carrier x2  
  153  11:49  Pylon  
  165  11:55  Pylon  
  165  12:09  Carrier  
  171  12:18  Protoss Air Armor Level 2 (Chrono Boost)  
  171  12:19  Carrier  
  177  12:33  Pylon, Stargate  
  177  12:37  Anion Pulse-Crystals  
  176  12:48  Pylon  
  172  13:06  Phoenix x2  
  176  13:13  Phoenix  
  158  13:21  Phoenix  
  160  13:28  Disruptor  
  163  13:35  Phoenix x3  
Tags
 
Add a new tag
Caveats
  • Supply blocks, unpowered buildings, or Contaminate may cause inaccurate times.
  • Supply counts are checked every 10 seconds.